AoeStats
← KRATOS | GOD OF WAR

Coastal Forest

510634236Analyzed
4v4 RM · 2d ago on Oct 1, 2026· 61m 43s· 8 players
Game mode
Random Map
Map size
Large (8 player)
Population
200
Speed
Normal
Resources
Standard
Victory
Conquest
Starting age
Dark Age
Ending age
Imperial Age
RankedLock teamsTeams togetherTeam positionsShared explorationLock speedFull tech treeHidden civsTurbo modeCheats
Victory
Defeat
🇬🇷 Goths · Greece
1280
+13
🇲🇽 Magyars · Mexico
1272
+13
🇹🇼 Persians · Taiwan
1269
+13
🇨🇳 Franks · China
1264
+13
🇵🇹 Khmer · Portugal
1296
-16
🇨🇱 Persians · Chile
1226
-14
🇵🇹 Malay · Portugal
1160
-11
🇧🇷 Franks · Brazil
1154
-11
alvex
6:02 Loom
8:59 Feudal Age
9:21 Horse Collar
9:26 Double-Bit Axe
19:41 Castle Age
19:31 Wheelbarrow
19:07 Scale Barding Armor
19:14 Forging
19:18 Bloodlines
20:02 Forging
19:45 Gold Mining
23:29 Chain Barding Armor
26:31 Heavy Plow
26:41 Bow Saw
28:13 Bow Saw
28:40 Gold Shaft Mining
27:56 Stone Mining
29:44 Hand Cart
32:50 Stone Shaft Mining
32:52 Iron Casting
35:29 Imperial Age
33:26 Husbandry
33:42 Fletching
33:57 Light Cavalry
34:41 Town Watch
35:14 Cavalier
35:14 Heavy Camel Rider
35:15 Hussar
36:33 Plate Barding Armor
36:59 Blast Furnace
38:11 Conscription
37:54 Savar
42:47 Two-Man Saw
42:20 Crop Rotation
KRATOS | GOD OF WAR
2:14 Loom
10:00 Feudal Age
12:33 Double-Bit Axe
20:14 Castle Age
23:07 Bow Saw
22:51 Horse Collar
24:19 Heavy Plow
28:26 Wheelbarrow
31:12 Hand Cart
34:02 Imperial Age
31:52 Gold Mining
32:53 Hand Cart
34:02 Scale Barding Armor
34:08 Forging
35:20 Elite Battle Elephant
38:27 Gold Shaft Mining
37:43 Stone Mining
TheLawRøcK®
9:56 Feudal Age
15:28 Castle Age
14:39 Double-Bit Axe
14:58 Gold Mining
23:10 Wheelbarrow
25:27 Bow Saw
25:54 Hand Cart
27:16 Gold Shaft Mining
28:04 Scale Barding Armor
28:11 Husbandry
31:13 Imperial Age
29:57 Chain Barding Armor
30:07 Loom
31:40 Stone Mining
31:18 Cavalier
32:37 Plate Barding Armor
33:43 Scale Mail Armor
34:44 Paladin
49:49 Light Cavalry
51:20 Forging
BARAKA wins!
10:22 Feudal Age
11:06 Loom
13:51 Castle Age
11:48 Double-Bit Axe
12:19 Horse Collar
14:13 Gold Mining
18:51 Bloodlines
20:45 Scale Barding Armor
22:39 Chain Barding Armor
23:33 Forging
26:04 Iron Casting
26:34 Bow Saw
28:33 Wheelbarrow
28:31 Husbandry
29:15 Devotion
31:32 Hand Cart
31:27 Stone Mining
32:14 Gold Shaft Mining
35:05 Heavy Plow
38:32 Imperial Age
40:01 Plate Barding Armor
38:52 Heavy Scorpion
40:16 Conscription
41:26 Conscription
43:14 Crop Rotation
43:56 Double Crossbow
45:16 Ballistics
46:39 Blast Furnace
47:02 Chemistry
46:09 Siege Engineers
50:54 Murder Holes
51:10 Masonry
51:13 Fletching
53:22 Bodkin Arrow
56:48 Light Cavalry
余淮nb
10:36 Feudal Age
14:18 Castle Age
12:31 Double-Bit Axe
18:39 Loom
22:16 Bow Saw
23:20 Wheelbarrow
22:33 Town Watch
29:11 Imperial Age
26:58 Hand Cart
26:56 Gold Mining
27:58 Husbandry
28:19 Scale Barding Armor
28:54 Gold Shaft Mining
29:59 Chain Barding Armor
29:16 Cavalier
31:03 Conscription
31:19 Plate Barding Armor
31:28 Forging
32:20 Stone Mining
31:59 Paladin
33:33 Iron Casting
41:10 Herbal Medicine
44:58 Light Cavalry
47:12 Blast Furnace
鋼彈盪單槓
7:48 Loom
9:50 Feudal Age
10:23 Double-Bit Axe
10:41 Horse Collar
16:45 Castle Age
15:52 Gold Mining
19:51 Bow Saw
20:07 Heavy Plow
24:23 Wheelbarrow
25:21 Gold Shaft Mining
26:53 Hand Cart
28:26 Scale Barding Armor
28:49 Forging
32:16 Bloodlines
32:07 Husbandry
35:13 Imperial Age
33:40 Town Watch
34:43 Caravan
34:45 Stone Mining
35:29 Cavalier
36:57 Conscription
37:07 Savar
38:40 Chain Barding Armor
38:55 Iron Casting
52:08 Two-Man Saw
51:57 Crop Rotation
52:20 Plate Barding Armor
52:46 Blast Furnace
Manee
6:48 Loom
9:43 Feudal Age
10:43 Double-Bit Axe
12:59 Fletching
13:09 Town Watch
16:49 Gold Mining
25:04 Castle Age
25:43 Bodkin Arrow
25:11 Crossbowman
29:06 Bow Saw
44:58 Wheelbarrow
49:11 Thumb Ring
50:34 Caravan
53:54 Imperial Age
52:45 Hand Cart
52:34 Pikeman
55:11 Horse Collar
57:28 Two-Man Saw
Apsoutonas
7:49 Loom
9:43 Feudal Age
10:33 Double-Bit Axe
12:35 Loom
17:27 Castle Age
15:53 Horse Collar
17:28 Wheelbarrow
16:52 Stone Mining
19:22 Bow Saw
21:02 Loom
24:02 Fletching
30:06 Imperial Age
28:19 Squires
27:40 Man-at-Arms
28:46 Gold Mining
28:54 Long Swordsman
30:06 Heavy Plow
30:08 Scale Mail Armor
30:19 Forging
31:07 Chain Mail Armor
30:25 Pikeman
31:41 Conscription
31:18 Capped Ram
32:40 Anarchy
33:06 Halberdier
35:42 Iron Casting
36:00 Hand Cart
35:30 Town Watch
37:47 Blast Furnace
36:43 Bodkin Arrow
38:21 Town Patrol
41:05 Elite Huskarl
41:46 Perfusion
41:14 Two-Handed Swordsman
45:40 Champion
47:39 Bracer
Connection lost

Rejoining the realm…

Still unreachable

The connection could not be restored.

Session expired

The server has moved on; the page needs a fresh start.